 Dungeon Crawl Stone Soup version 0.20-a0-1000-g0e8f6bb (webtiles) character file.

647 JeffiDaFish the Stinger (level 7, -13/52 HPs)
             Began as a Black Draconian Venom Mage on Apr 12, 2017.
             Was a Follower of Sif Muna.
             Killed from afar by Tumbleweave's ghost (22 damage)
             ... with a flame tongue
             ... on level 5 of the Dungeon.
             The game lasted 00:17:04 (4077 turns).

JeffiDaFish the Stinger (DrVM)                      Turns: 4077, Time: 00:17:05

Health: -13/52     AC:  8    Str: 10    XL:     7   Next: 27%
Magic:  12/12      EV: 11    Int: 16    God:    Sif Muna [*.....]
Gold:   226        SH:  0    Dex: 13    Spells: 3/13 levels left

rFire    . . .     SeeInvis .   f - +3 spear
rCold    + . .     Gourm    .   (no shield)
rNeg     . . .     Faith    .   (armour unavailable)
rPois    .         Spirit   .   (helmet restricted)
rElec    +         Reflect  .   i - +0 cloak
rCorr    .         Harm     .   l - +0 pair of gloves
MR       .....                  (no boots)
Stlth    +.........             (no amulet)
Regen    0.2/turn               h - ring of wizardry
MPRegen  0.2/turn               s - ring of protection from cold

@: very heavily drained
A: breathe lightning, unfitting armour, electricity resistance, cold-blooded, AC
+6
a: Breathe Lightning, Divine Energy, Renounce Religion


You were on level 5 of the Dungeon.
You worshipped Sif Muna.
Sif Muna was aware of your devotion.
You were not hungry.

You visited 2 branches of the dungeon, and saw 6 of its levels.

You collected 226 gold pieces.

Inventory:

Hand Weapons
 f - a +3 spear (weapon)
Armour
 i - a +0 cloak (worn)
 l - a +0 pair of gloves (worn)
Jewellery
 h - a ring of wizardry (left hand)
 s - a ring of protection from cold (right hand)
Scrolls
 j - a scroll of identify
 n - a scroll of amnesia
 r - 2 scrolls of fear
Potions
 d - a potion of brilliance
 k - a potion of magic
Books
 a - a Young Poisoner's Handbook

   Spells                             Type                      Level
   a - Sting                          Conjuration/Poison           1
   b - Poisonous Vapours              Poison/Air                   2
   c - Mephitic Cloud                 Conjuration/Poison/Air       3
   d - Olgreb's Toxic Radiance        Poison                       4
   e - Venom Bolt                     Conjuration/Poison           5
Comestibles
 b - 4 bread rations
 c - 3 meat rations
 g - a royal jelly
 o - 3 fruits
 q - a chunk of flesh


   Skills:
 + Level 1.3(0.0) Fighting
 + Level 3.1(0.0) Polearms
 + Level 2.2(0.0) Dodging
 + Level 2.9(0.0) Stealth
 + Level 3.9(0.7) Spellcasting
 + Level 2.4(0.0) Conjurations
 + Level 2.6(0.0) Air Magic
 + Level 4.7(1.5) Poison Magic


You had 3 spell levels left.
You knew the following spells:

 Your Spells              Type           Power        Failure   Level  Hunger
a - Sting                 Conj/Pois      #...         9%          1    ##.....
b - Poisonous Vapours     Pois/Air       #.....       12%         2    ###....
c - Mephitic Cloud        Conj/Pois/Air  #.......     32%         3    ####...
d - Olgreb's Toxic Radia  Pois           #.......     71%         4    #####..


Dungeon Overview and Level Annotations

Branches:
Dungeon (5/15)             Temple (1/1) D:4

Altars:
Kikubaaqudgha
Okawaru
Sif Muna
Trog
Uskayaw
The Shining One

Annotations:
D:5 Tumbleweave's ghost, novice OpFE


Innate Abilities, Weirdness & Mutations

You can breathe wild blasts of lightning.
Your glossy black scales are hard. (AC +6)
You cannot fit into any form of body armour.
You are resistant to electric shocks. (rElec)
You are cold-blooded and may be slowed by cold attacks.


Message History

Tumbleweave's ghost stares at you and mumbles some strange words.
The flame tongue hits you!
* * * LOW HITPOINT WARNING * * *
You feel better.
Tumbleweave's ghost casts a spell at you.
The flame tongue hits you!
* * * LOW HITPOINT WARNING * * *
You feel better.
Tumbleweave's ghost hits you but does no damage.
You feel drained.
You feel better.
Tumbleweave's ghost stares at you and mumbles some strange words.
The flame tongue hits you!
* * * LOW HITPOINT WARNING * * *
You hit Tumbleweave's ghost but do no damage.
Your tail-slap misses Tumbleweave's ghost.
Tumbleweave's ghost is severely damaged.
Tumbleweave's ghost casts a spell at you.
The flame tongue hits you!
You die...

...#####.>####...<...#
## ##..#.........#
##..#........#
##.##.......#
##.##......#
##.##....## ##.######
##.## ##@## ##W######
##.......##
##..........
#...........
#...........
#............
#............
#............


You could see Tumbleweave's ghost.

Vanquished Creatures
  The ghost of Tumbleweave the Chiller, an amateur OpIE (D:4)
  An eye of draining (D:4)
  A howler monkey (D:4)
  A centaur zombie (D:5)
  2 orc wizards
  A hound (D:5)
  Crazy Yiuf (D:2)
  Ijyb (D:4)
  A worker ant (D:4)
  A gnoll (D:4)
  5 adders
  2 river rats (D:4)
  An ooze (D:3)
  3 worms
  A leopard gecko (D:3)
  9 orcs
  6 giant cockroaches
  5 goblins
  8 hobgoblins
  10 jackals
  A quokka (D:3)
  4 ball pythons
  4 bats
  4 frilled lizards
  4 kobolds
  9 rats
87 creatures vanquished.

Notes
Turn   | Place    | Note
-------+----------+-------------------------------------------
     0 | D:1      | JeffiDaFish the Draconian Venom Mage began the quest for the Orb.
     0 | D:1      | Reached XP level 1. HP: 14/14 MP: 3/3
   195 | D:1      | Found an iron altar of Okawaru.
   415 | D:1      | Reached XP level 2. HP: 17/20 MP: 0/5
   516 | D:1      | Learned a level 2 spell: Poisonous Vapours
   997 | D:2      | Reached XP level 3. HP: 26/26 MP: 0/6
  1055 | D:2      | Learned a level 3 spell: Mephitic Cloud
  1540 | D:2      | Found a runed door.
  1544 | D:2      | Noticed Crazy Yiuf
  1550 | D:2      | Killed Crazy Yiuf
  1550 | D:2      | Reached XP level 4. HP: 33/33 MP: 0/8
  1968 | D:3      | Reached skill level 1 in Polearms
  2555 | D:4      | Reached skill level 1 in Air Magic
  2562 | D:4      | Reached XP level 5. HP: 39/39 MP: 4/9
  2573 | D:4      | Reached skill level 4 in Poison Magic
  2600 | D:4      | Found a staircase to the Ecumenical Temple.
  2695 | Temple   | Entered the Ecumenical Temple
  2711 | Temple   | Became a worshipper of Sif Muna the Loreminder
  2806 | D:4      | Noticed Tumbleweave's ghost (amateur OpIE)
  2830 | D:4      | Noticed an eye of draining
  2831 | D:4      | Found a bloodstained altar of Trog.
  3342 | D:4      | Killed Tumbleweave's ghost
  3342 | D:4      | Reached skill level 1 in Fighting
  3342 | D:4      | Reached XP level 6. HP: 36/47 MP: 9/11
  3363 | D:4      | Learned a level 4 spell: Olgreb's Toxic Radiance
  3593 | D:4      | Noticed Ijyb
  3624 | D:4      | Killed Ijyb
  3624 | D:4      | Your scales start taking on a glossy black colour.
  3624 | D:4      | Reached XP level 7. HP: 52/52 MP: 6/12
  3624 | D:4      | Gained mutation: You are resistant to electric shocks. (rElec) [Black Draconian growth]
  3843 | D:5      | Entered Level 5 of the Dungeon
  3843 | D:5      | Found a glowing golden altar of the Shining One.
  3863 | D:5      | Reached * piety under Sif Muna
  4017 | D:5      | Noticed Tumbleweave's ghost (novice OpFE)
  4077 | D:5      | Killed from afar by Tumbleweave's ghost

Vault maps used:
D:1:      lightli_arrival_statuegarden, okawaru_ov_weapons_minmay
D:2:      uniq_crazy_yiuf_cottage
D:3:      first_bread
D:4:      temple_fountains, portal_sewer_entry_e, trog_eyes_of_draining,
          uniq_iyjb
D:5:      grunt_temple_overflow_open
Temple:   oiseaux_autumnal_temple

Skill      XL: |  1  2  3  4  5  6 |
---------------+-------------------+-----
Stealth        | 2 |  2.9
Dodging        | 2 |  2.2
Polearms       | 1 2 3 |  3.1
Air Magic      | 1 2 |  2.6
Spellcasting   | 3 |  3.9
Conjurations   | 2 |  2.4
Poison Magic   | 4 |  4.7
Fighting       | 1 |  1.3

Action                   |  1- 3 |  4- 6 |  7- 9 || total
-------------------------+-------+-------+-------++-------
Melee: Spear             |    65 |   113 |    50 ||   228
       Unarmed           |     6 |       |       ||     6
       Tailslap          |     7 |     6 |     7 ||    20
 Cast: Sting             |    35 |    13 |       ||    48
       Poisonous Vapours |    13 |    26 |     3 ||    42
       Mephitic Cloud    |     1 |     3 |     1 ||     5
       Olgreb's Toxic Ra |       |       |     1 ||     1
  Use: Potion            |     4 |     3 |     4 ||    11
       Scroll            |     6 |     5 |     2 ||    13
 Stab: Confused          |     1 |     4 |       ||     5
  Eat: Chunk             |     3 |     8 |     3 ||    14
Armor: Skin              |    24 |    24 |    15 ||    63
Dodge: Dodged            |    49 |    30 |    22 ||   101
